NYP
ROME BRAVES @ LOS ANGELES (NYP) DODGERS
06/24/2044
 
TOP OF THE 1ST
Rome Braves batting - Pitching for Los Angeles (NYP) Dodgers : RHP Chris Hodge
Pitching: RHP Chris Hodge
Batting: LHB J.P. Olson 0-0: Ball
1-0: Ball
2-0: Ball
3-0: Base on Balls
Batting: RHB Badr al Din Ridha 0-0: Ball
1-0: Ball
2-0: Called Strike
2-1: Foul Ball, location: 2F
2-2: Strikes out swinging
Batting: RHB Ike Trout 0-0: Ball
J.P. Olson steals 2nd base
1-0: Foul Ball, location: 2F
1-1: Called Strike
J.P. Olson steals 3rd base
1-2: Foul Ball, location: 2F
1-2: Strikes out looking
Batting: LHB Mike Tenorio 0-0: Ball
1-0: Ball
2-0: Called Strike
2-1: Fly out, F8 (Line Drive, 8RD, EV 99.4 MPH)
Top of the 1st over - 0 runs, 0 hits, 0 errors, 1 left on base; Rome 0 - Los Angeles (NYP) 0
BOTTOM OF THE 1ST
Los Angeles (NYP) Dodgers batting - Pitching for Rome Braves : LHP Joey Dover
Pitching: LHP Joey Dover
Batting: RHB Mario Mejia 0-0: Ball
1-0: Called Strike
1-1: Ball
2-1: Called Strike
2-2: Ball
3-2: Strikes out swinging
Batting: RHB Leo Cuellar 0-0: Called Strike
0-1: Called Strike
0-2: Ball
1-2: Ball
2-2: DOUBLE (Line Drive, 5D, EV 105.0 MPH)
Batting: RHB John Piccolo 0-0: SINGLE (Flyball, 9LS, EV 88.8 MPH)
Leo Cuellar to third
Batting: SHB Chris Ackerson 0-0: Called Strike
0-1: Ball
Balk!
Leo Cuellar scores
John Piccolo to second
1-1: Ball
2-1: Ground out 4-3 (Groundball, 4S, EV 86.3 MPH)
John Piccolo to third
Batting: LHB Kippy McGrath 0-0: Ball
1-0: Called Strike
1-1: Called Strike
1-2: Fly out, F7 (Flyball, 78M, EV 90.6 MPH)
Bottom of the 1st over - 1 run, 2 hits, 0 errors, 1 left on base; Rome 0 - Los Angeles (NYP) 1
TOP OF THE 2ND
Rome Braves batting - Pitching for Los Angeles (NYP) Dodgers : RHP Chris Hodge
Batting: RHB Brandon Burrell 0-0: Foul Ball, location: 2F
0-1: Swinging Strike
0-2: Ground out 6-3 (Groundball, 6S, EV 84.4 MPH)
Batting: LHB Javier Rubio 0-0: Ball
1-0: Foul Ball, location: 2F
1-1: Ball
2-1: Foul Ball, location: 2F
2-2: Strikes out looking
Batting: RHB Alex Velasquez 0-0: Called Strike
0-1: Ball
1-1: Ground out 6-3 (Groundball, 6S, EV 92.5 MPH)
Top of the 2nd over - 0 runs, 0 hits, 0 errors, 0 left on base; Rome 0 - Los Angeles (NYP) 1
BOTTOM OF THE 2ND
Los Angeles (NYP) Dodgers batting - Pitching for Rome Braves : LHP Joey Dover
Batting: RHB Eddie Perry 0-0: Ball
1-0: SINGLE (Groundball, 56D, EV 106.3 MPH)
Batting: RHB Jonathan Kirsch 0-0: Called Strike
0-1: Swinging Strike
0-2: Foul Ball, location: 2F
0-2: Strikes out looking
Batting: LHB Bobby Gambrell 0-0: Ball
Wild Pitch!
Eddie Perry to second
1-0: Swinging Strike
1-1: Called Strike
1-2: Foul Ball, location: 2F
1-2: Ball
2-2: Fly out, F7 (Flyball, 7S, EV 96.9 MPH)
Batting: RHB Jonathan Quijada 0-0: Called Strike
0-1: Ball
1-1: Ball
2-1: Ground out 5-3 (Groundball, 56, EV 106.9 MPH)
Bottom of the 2nd over - 0 runs, 1 hit, 0 errors, 1 left on base; Rome 0 - Los Angeles (NYP) 1
TOP OF THE 3RD
Rome Braves batting - Pitching for Los Angeles (NYP) Dodgers : RHP Chris Hodge
Batting: RHB Tim Molchan 0-0: Swinging Strike
0-1: Ball
1-1: Swinging Strike
1-2: Ball
2-2: Strikes out swinging
Batting: LHB Joe Phillips 0-0: Called Strike
0-1: Ball
1-1: Swinging Strike
1-2: Foul Ball, location: 2F
1-2: Ball
2-2: Ball
3-2: Strikes out swinging
Batting: LHB J.P. Olson 0-0: Ball
1-0: Swinging Strike
1-1: Foul Ball, location: 2F
1-2: Foul Ball, location: 2F
1-2: SINGLE (Line Drive, 6D, EV 99.4 MPH)
Batting: RHB Badr al Din Ridha 0-0: Ball
J.P. Olson is caught stealing 2nd base 2-4
Top of the 3rd over - 0 runs, 1 hit, 0 errors, 0 left on base; Rome 0 - Los Angeles (NYP) 1
BOTTOM OF THE 3RD
Los Angeles (NYP) Dodgers batting - Pitching for Rome Braves : LHP Joey Dover
Batting: RHB Mario Mejia 0-0: Called Strike
0-1: Foul Ball, location: 2F
0-2: Ball
1-2: SINGLE (Groundball, 6MD, EV 105.0 MPH)
Batting: RHB Leo Cuellar 0-0: Ball
1-0: Ball
2-0: Ball
Wild Pitch!
Mario Mejia to second
3-0: Base on Balls
Batting: RHB John Piccolo 0-0: Called Strike
0-1: 3-RUN HOME RUN (Flyball, 9D, EV 101.9 MPH), Distance : 390 ft
Batting: SHB Chris Ackerson 0-0: Ball
1-0: Swinging Strike
1-1: Called Strike
1-2: Ball
2-2: Foul Ball, location: 2F
2-2: Foul Ball, location: 2F
2-2: SOLO HOME RUN (Flyball, 7LD, EV 96.9 MPH), Distance : 367 ft
Batting: LHB Kippy McGrath 0-0: Ball
1-0: SOLO HOME RUN (Flyball, 9D, EV 98.1 MPH), Distance : 384 ft
Pitching: RHP Marvin Rosas
Batting: RHB Eddie Perry 0-0: Called Strike
0-1: Foul Ball, location: 2F
0-2: Strikes out swinging
Batting: RHB Jonathan Kirsch 0-0: Called Strike
0-1: Foul Ball, location: 2F
0-2: SINGLE (Groundball, 56S, EV 71.3 MPH) (infield hit)
Batting: LHB Bobby Gambrell 0-0: Called Strike
0-1: Fly out, F3 (Popup, 23F, EV 79.4 MPH)
Batting: RHB Jonathan Quijada 0-0: Swinging Strike
0-1: Ball
1-1: Ball
2-1: Foul Ball, location: 2F
2-2: Ball
3-2: Strikes out looking
Bottom of the 3rd over - 5 runs, 5 hits, 0 errors, 1 left on base; Rome 0 - Los Angeles (NYP) 6
TOP OF THE 4TH
Rome Braves batting - Pitching for Los Angeles (NYP) Dodgers : RHP Chris Hodge
Batting: RHB Badr al Din Ridha 0-0: Ball
1-0: Ball
2-0: Ball
3-0: Called Strike
3-1: Base on Balls
Batting: RHB Ike Trout 0-0: Called Strike
0-1: Called Strike
0-2: Reached on error, E6 (Groundball, 6, EV 87.5 MPH)
Badr al Din Ridha to second
Batting: LHB Mike Tenorio 0-0: TRIPLE (Flyball, 89XD, EV 113.8 MPH)
Badr al Din Ridha scores
Ike Trout scores
Batting: RHB Brandon Burrell 0-0: Ball
1-0: Called Strike
1-1: Swinging Strike
1-2: Ball
2-2: Fly out, F9 (Flyball, 9, EV 82.5 MPH)
Runner from 3rd tags up, SCORES, throw by RF
Batting: LHB Javier Rubio 0-0: SINGLE (Flyball, 4D, EV 88.1 MPH)
Batting: RHB Alex Velasquez 0-0: Ball
Javier Rubio is caught stealing 2nd base 2-4
1-0: Called Strike
1-1: Foul Ball, location: 2F
1-2: Fly out, F9 (Flyball, 9LM, EV 90.6 MPH)
Top of the 4th over - 3 runs, 2 hits, 1 error, 0 left on base; Rome 3 - Los Angeles (NYP) 6
BOTTOM OF THE 4TH
Los Angeles (NYP) Dodgers batting - Pitching for Rome Braves : RHP Marvin Rosas
Batting: RHB Mario Mejia 0-0: Swinging Strike
0-1: Ball
1-1: Called Strike
1-2: Strikes out looking
Batting: RHB Leo Cuellar 0-0: SINGLE (Groundball, 5S, EV 73.1 MPH) (infield hit)
Batting: RHB John Piccolo 0-0: Ball
Leo Cuellar steals 2nd base
1-0: Called Strike
1-1: 2-RUN HOME RUN (Flyball, 9D, EV 105.6 MPH), Distance : 388 ft
Batting: SHB Chris Ackerson 0-0: Called Strike
0-1: Ball
1-1: SOLO HOME RUN (Flyball, 78XD, EV 109.4 MPH), Distance : 441 ft
Pitching: RHP Jose Medina
Batting: LHB Kippy McGrath 0-0: SOLO HOME RUN (Flyball, 8LXD, EV 105.6 MPH), Distance : 438 ft
Batting: RHB Eddie Perry 0-0: Ground out 6-3 (Groundball, 6S, EV 77.5 MPH)
Batting: RHB Jonathan Kirsch 0-0: Called Strike
0-1: Ball
1-1: Foul Ball, location: 2F
1-2: Foul Ball, location: 2F
1-2: Ball
2-2: Foul Ball, location: 2F
2-2: Ball
3-2: Strikes out swinging
Bottom of the 4th over - 4 runs, 4 hits, 0 errors, 0 left on base; Rome 3 - Los Angeles (NYP) 10
TOP OF THE 5TH
Rome Braves batting - Pitching for Los Angeles (NYP) Dodgers : RHP Chris Hodge
Batting: RHB Tim Molchan 0-0: Ball
1-0: Ball
2-0: Ball
3-0: Base on Balls
Batting: LHB Joe Phillips 0-0: Ball
1-0: Ball
2-0: Ball
3-0: Base on Balls
Tim Molchan to second
Batting: LHB J.P. Olson 0-0: Ball
1-0: Foul Ball, location: 2F
1-1: Swinging Strike
1-2: Ball
2-2: Ball
3-2: Strikes out swinging
Batting: RHB Badr al Din Ridha 0-0: TRIPLE (Flyball, 7D, EV 98.1 MPH)
Tim Molchan scores
Joe Phillips scores
Pitching: RHP Dave Bible
Batting: RHB Ike Trout 0-0: Called Strike
0-1: Ball
1-1: Hit by Pitch
Batting: LHB Mike Tenorio 0-0: Called Strike
0-1: Ball
1-1: Called Strike
1-2: Ball
Ike Trout is caught stealing 2nd base 2-6
2-2: Foul Ball, location: 2F
2-2: Ball
3-2: Base on Balls
Batting: RHB Brandon Burrell 0-0: Foul Ball, location: 2F
0-1: Swinging Strike
0-2: Ball
1-2: Strikes out swinging
Top of the 5th over - 2 runs, 1 hit, 0 errors, 2 left on base; Rome 5 - Los Angeles (NYP) 10
BOTTOM OF THE 5TH
Los Angeles (NYP) Dodgers batting - Pitching for Rome Braves : RHP Jose Medina
Batting: LHB Bobby Gambrell 0-0: Ball
1-0: Called Strike
1-1: SINGLE (Groundball, 4MD, EV 106.3 MPH)
Batting: RHB Jonathan Quijada 0-0: Ball
Bobby Gambrell steals 2nd base
1-0: Ball
2-0: Called Strike
2-1: Swinging Strike
2-2: Ball
3-2: Strikes out swinging
Batting: RHB Mario Mejia 0-0: Ball
1-0: Ball
2-0: Fly out, F7 (Line Drive, 7D, EV 90.0 MPH)
Batting: RHB Leo Cuellar 0-0: Ball
1-0: Foul Ball, location: 2F
1-1: Ball
2-1: Ball
3-1: Base on Balls
Batting: RHB John Piccolo 0-0: Ball
1-0: Ball
2-0: Called Strike
2-1: SINGLE (Line Drive, 7LS, EV 97.5 MPH)
Bobby Gambrell to third
Leo Cuellar to second
Runner from 3rd tries for Home, SAFE, throw by LF to home
Batting: SHB Chris Ackerson 0-0: Ball
1-0: Ball
2-0: Foul Ball, location: 2F
2-1: Ball
3-1: Base on Balls
Leo Cuellar to third
John Piccolo to second
Batting: LHB Kippy McGrath 0-0: Ball
Wild Pitch!
Leo Cuellar scores
John Piccolo to third
Chris Ackerson to second
1-0: Ball
2-0: Called Strike
2-1: Foul Ball, location: 2F
2-2: Foul Ball, location: 2F
2-2: SINGLE (Groundball, 6MD, EV 108.1 MPH)
John Piccolo scores
Chris Ackerson to third
Runner from 3rd tries for Home, SAFE, throw by CF to home
Pitching: RHP Dan Spahn
Batting: RHB Eddie Perry 0-0: Ball
1-0: Fly out, F8 (Flyball, 8RXD, EV 96.3 MPH)
Bottom of the 5th over - 4 runs, 3 hits, 0 errors, 1 left on base; Rome 5 - Los Angeles (NYP) 14
TOP OF THE 6TH
Rome Braves batting - Pitching for Los Angeles (NYP) Dodgers : RHP Dave Bible
Batting: LHB Javier Rubio 0-0: Ball
1-0: Ball
2-0: Called Strike
2-1: Called Strike
2-2: Ball
3-2: Base on Balls
Batting: RHB Alex Velasquez 0-0: Called Strike
Javier Rubio steals 2nd base
0-1: Swinging Strike
0-2: Ball
1-2: TRIPLE (Flyball, 8LXD, EV 113.1 MPH)
Javier Rubio scores
Batting: RHB Tim Molchan 0-0: Ball
1-0: Foul Ball, location: 2F
1-1: Ground out 6-3 (Groundball, 6M, EV 101.9 MPH)
Alex Velasquez scores
Batting: LHB Joe Phillips 0-0: Called Strike
0-1: Ground out 5-3 (Groundball, 56, EV 84.4 MPH)
Batting: LHB J.P. Olson 0-0: Ball
1-0: Foul Ball, location: 2F
1-1: Hit by Pitch
Batting: RHB Badr al Din Ridha 0-0: Ball
1-0: Ball
2-0: Ball
J.P. Olson steals 2nd base
3-0: Called Strike
3-1: Foul Ball, location: 2F
3-2: Strikes out swinging
Top of the 6th over - 2 runs, 1 hit, 0 errors, 1 left on base; Rome 7 - Los Angeles (NYP) 14
BOTTOM OF THE 6TH
Los Angeles (NYP) Dodgers batting - Pitching for Rome Braves : RHP Dan Spahn
Batting: RHB Jonathan Kirsch 0-0: Ball
1-0: Called Strike
1-1: Ground out 6-3 (Groundball, 6, EV 86.9 MPH)
Batting: LHB Bobby Gambrell 0-0: Ball
1-0: Ball
2-0: Ball
3-0: Base on Balls
Batting: RHB Jonathan Quijada 0-0: Ball
1-0: Swinging Strike
1-1: Ball
2-1: Ball
3-1: Base on Balls
Bobby Gambrell to second
Batting: RHB Mario Mejia 0-0: Fielders Choice at 2nd, 5-4 (Groundball, 56S, EV 85.6 MPH)
Bobby Gambrell to third
Batting: RHB Leo Cuellar 0-0: Called Strike
0-1: Ball
1-1: SINGLE (Groundball, 25, EV 63.8 MPH) (infield hit)
Bobby Gambrell scores
Mario Mejia to second
Batting: RHB John Piccolo 0-0: Foul Ball, location: 2F
0-1: Ball
1-1: Ball
2-1: Foul Ball, location: 2F
2-2: Ball
3-2: Foul Ball, location: 2F
3-2: Foul Ball, location: 2F
3-2: Base on Balls
Mario Mejia to third
Leo Cuellar to second
Batting: SHB Chris Ackerson 0-0: TRIPLE (Groundball, 3L, EV 111.9 MPH)
Mario Mejia scores
Leo Cuellar scores
John Piccolo scores
Batting: LHB Kippy McGrath 0-0: Called Strike
0-1: Called Strike
0-2: Strikes out swinging
Bottom of the 6th over - 4 runs, 2 hits, 0 errors, 1 left on base; Rome 7 - Los Angeles (NYP) 18
TOP OF THE 7TH
Rome Braves batting - Pitching for Los Angeles (NYP) Dodgers : RHP Dave Bible
Pinch Hitting: RHB Adrian Billups 0-0: Foul Ball, location: 2F
0-1: Ball
1-1: Swinging Strike
1-2: Ball
2-2: Foul Ball, location: 2F
2-2: Ball
3-2: Base on Balls
Batting: LHB Mike Tenorio 0-0: Ball
1-0: Foul Ball, location: 2F
1-1: Swinging Strike
1-2: Grounds into double play, 4-6-3 (Groundball, 4, EV 103.8 MPH)
Pinch Hitting: LHB Malik Boulay 0-0: Ball
1-0: Foul Ball, location: 2F
1-1: Ball
2-1: Swinging Strike
2-2: Ground out U3 (Groundball, 3, EV 104.4 MPH)
Top of the 7th over - 0 runs, 0 hits, 0 errors, 0 left on base; Rome 7 - Los Angeles (NYP) 18
BOTTOM OF THE 7TH
Los Angeles (NYP) Dodgers batting - Pitching for Rome Braves : RHP Dan Spahn
Now at 1B: Peter Wheeler
Now at 3B: Adrian Billups
Batting: RHB Eddie Perry 0-0: Swinging Strike
0-1: Foul Ball, location: 2F
0-2: Strikes out swinging, 2-3 out at first.
Batting: RHB Jonathan Kirsch 0-0: Ball
1-0: Ball
2-0: Called Strike
2-1: Called Strike
2-2: Foul Ball, location: 2F
2-2: DOUBLE (Flyball, 8RXD, EV 95.0 MPH)
Pitching: RHP Bobby Feig
Batting: LHB Bobby Gambrell 0-0: Ball
1-0: Called Strike
1-1: Foul Ball, location: 2F
1-2: Ball
2-2: Ball
3-2: SINGLE (Groundball, 4MD, EV 99.4 MPH)
Jonathan Kirsch to third
Runner from 3rd tries for Home, SAFE, throw by CF to home
Batting: RHB Jonathan Quijada 0-0: Ball
1-0: Called Strike
1-1: Swinging Strike
1-2: Strikes out swinging
Batting: RHB Mario Mejia 0-0: Swinging Strike
0-1: Ball
Wild Pitch!
Bobby Gambrell to second
1-1: Ball
2-1: Swinging Strike
2-2: Foul Ball, location: 2F
2-2: Ground out 1-3 (Groundball, P, EV 70.0 MPH)
Bottom of the 7th over - 1 run, 2 hits, 0 errors, 1 left on base; Rome 7 - Los Angeles (NYP) 19
TOP OF THE 8TH
Rome Braves batting - Pitching for Los Angeles (NYP) Dodgers : RHP Dave Bible
Batting: LHB Javier Rubio 0-0: Ball
1-0: Fly out, F9 (Flyball, 9S, EV 89.4 MPH)
Batting: RHB Alex Velasquez 0-0: Swinging Strike
0-1: Foul Ball, location: 2F
0-2: Ground out 3-1 (Groundball, 34, EV 103.8 MPH)
Batting: RHB Tim Molchan 0-0: Ball
1-0: Swinging Strike
1-1: Called Strike
1-2: Strikes out swinging
Top of the 8th over - 0 runs, 0 hits, 0 errors, 0 left on base; Rome 7 - Los Angeles (NYP) 19
BOTTOM OF THE 8TH
Los Angeles (NYP) Dodgers batting - Pitching for Rome Braves : RHP Bobby Feig
Batting: RHB Leo Cuellar 0-0: Ball
1-0: Foul Ball, location: 2F
1-1: Foul Ball, location: 2F
1-2: TRIPLE (Flyball, 89XD, EV 102.5 MPH)
Batting: RHB John Piccolo 0-0: Ball
1-0: Swinging Strike
1-1: Called Strike
1-2: Ball
2-2: Ball
3-2: Strikes out swinging
Batting: SHB Chris Ackerson 0-0: Ball
1-0: Ball
2-0: Foul Ball, location: 2F
2-1: SINGLE (Groundball, 56D, EV 96.9 MPH)
Leo Cuellar scores
Batting: LHB Kippy McGrath 0-0: SINGLE (Groundball, 6MD, EV 98.1 MPH)
Chris Ackerson to second
Pitching: RHP Omar Orosco
Batting: RHB Eddie Perry 0-0: 3-RUN HOME RUN (Flyball, 9LD, EV 93.1 MPH), Distance : 338 ft
Batting: RHB Jonathan Kirsch 0-0: Called Strike
0-1: Ball
1-1: Swinging Strike
1-2: Ball
2-2: Foul Ball, location: 2F
2-2: Strikes out swinging
Batting: LHB Bobby Gambrell 0-0: Ball
1-0: Foul Ball, location: 2F
1-1: Called Strike
1-2: Strikes out swinging
Bottom of the 8th over - 4 runs, 4 hits, 0 errors, 0 left on base; Rome 7 - Los Angeles (NYP) 23
TOP OF THE 9TH
Rome Braves batting - Pitching for Los Angeles (NYP) Dodgers : RHP Dave Bible
Pitching: RHP Willie Alvarado
Batting: LHB Joe Phillips 0-0: Ball
1-0: Called Strike
1-1: Foul Ball, location: 2F
1-2: Ground out 5-3 (Groundball, 5, EV 86.9 MPH)
Batting: LHB J.P. Olson 0-0: Ball
1-0: Foul Ball, location: 2F
1-1: SINGLE (Groundball, 56, EV 106.3 MPH) (infield hit)
Batting: RHB Badr al Din Ridha 0-0: Swinging Strike
0-1: Foul Ball, location: 2F
0-2: Ball
1-2: Ball
2-2: Ball
3-2: Base on Balls
J.P. Olson to second
Batting: RHB Adrian Billups 0-0: Called Strike
0-1: SINGLE (Groundball, 4M, EV 110.6 MPH) (infield hit)
J.P. Olson to third
Badr al Din Ridha to second
Batting: LHB Mike Tenorio 0-0: Called Strike
0-1: Ball
1-1: Foul Ball, location: 2F
1-2: Strikes out swinging
Pinch Hitting: RHB David Zelaya 0-0: SINGLE (Groundball, P, EV 84.4 MPH) (infield hit)
J.P. Olson scores
Badr al Din Ridha to third
Adrian Billups to second
Pinch Hitting: SHB Eric Reeser 0-0: Called Strike
0-1: Ground out 4-3 (Groundball, 4, EV 76.3 MPH)
Top of the 9th over - 1 run, 3 hits, 0 errors, 3 left on base; Rome 8 - Los Angeles (NYP) 23
Thursday, March 31st , 2022 - OOTP Baseball 22.12 Build 89